 Dungeon Crawl Stone Soup version 0.28.0-43-g3370ac3207 (webtiles) character file.

Game seed: 15996039920827563255

917 CryoSword the Ruffian (level 7, -1/71 HPs)
             Began as a Troll Chaos Knight on Mar 15, 2022.
             Was a Plaything of Xom.
             Slain by an ogre
             ... wielding a +0 giant club
              (17 damage)
             ... on level 5 of the Dungeon.
             The game lasted 00:06:25 (3174 turns).

CryoSword the Ruffian (Troll Chaos Knight)          Turns: 3174, Time: 00:06:26

Health: -1/71      AC:  7    Str: 21    XL:     7   Next: 83%
Magic:  6/6        EV: 11    Int:  8    God:    Xom [..*...]
Gold:   204        SH:  0    Dex: 17    Spells: 6/6 levels left

rFire   . . .      SeeInvis +     - Unarmed
rCold   . . .      Faith    .   (no shield)
rNeg    . . .      Spirit   .   i - +2 robe {Archmagi}
rPois   .          Reflect  .   c - +1 hat of a treasure trove {rElec Dex+6}
rElec   +          Harm     .   (no cloak)
rCorr   .          Rampage  .   (gloves unavailable)
Will    .....      Archmagi +   (boots unavailable)
Stlth   ++........              (no amulet)
HPRegen 1.01/turn               e - ring of see invisible
MPRegen 0.10/turn               (no ring)

@: hasted, very quick
A: large, unfitting armour, claws 3, regeneration 1, shaggy fur 1, tough skin 1
a: Renounce Religion


You were on level 5 of the Dungeon.
You worshipped Xom.
You were a toy of Xom.
You visited 1 branch of the dungeon, and saw 5 of its levels.

You collected 204 gold pieces.

Inventory:

Missiles
 m - 14 poisoned darts (quivered)
Armour
 c - the +1 hat of a treasure trove (worn) {rElec Dex+6}
   (You acquired it on level 3 of the Dungeon)

   Dex:       It affects your dexterity (+6).
   rElec:     It insulates you from electricity.
 i - a +2 robe of the Archmagi (worn)
   (You took it off Blork the orc on level 4 of the Dungeon)
Jewellery
 e - a ring of see invisible (left claw)
   (You found it on level 1 of the Dungeon)
 k - a +6 ring of strength
   (You found it on level 5 of the Dungeon)
Scrolls
 a - a scroll of enchant weapon {unknown}
 o - a scroll of teleportation {unknown}
 p - a scroll of brand weapon {unknown}
 r - a scroll of magic mapping {unknown}
 s - a scroll of fear
Potions
 b - a potion of attraction {unknown}
 d - a potion of resistance
 f - 2 potions of heal wounds {unknown}
 g - 2 potions of curing {@q1}
 h - a potion of mutation {unknown}
 j - 2 potions of degeneration {unknown}
 l - 2 potions of magic
 n - a potion of haste {@q3}
 q - a potion of invisibility {unknown}


   Skills:
 + Level 4.4 Fighting
 + Level 0.3 Throwing
 + Level 4.1 Dodging
 * Level 7.0 Unarmed Combat


You had 6 spell levels left.
You didn't know any spells.
Your spell library contained the following spells:

 Spells                   Type           Power      Damage    Failure   Level
 Animate Skeleton         Necr           0%         N/A       41%         1
 Apportation              Tloc           0%         N/A       41%         1
 Summon Small Mammal      Summ           0%         N/A       41%         1


Dungeon Overview and Level Annotations

Branches:
Dungeon (5/15)             Temple (0/1) D:5

Altars:
Dithmenos
Hepliaklqana
Makhleb
Nemelex Xobeh


Innate Abilities, Weirdness & Mutations

You are too large for most types of armour.
You have claws for hands.
Your natural rate of healing is unusually fast.
You are covered in fur. (AC +1)
You have tough skin. (AC +1)


Message History

An adder is nearby!
You closely miss the adder. The adder bites you.
You scratch the adder. The adder bites you but does no damage.
You closely miss the adder. The adder barely misses you.
The adder bites you but does no damage.
You barely miss the adder. The adder bites you but does no damage.
You mangle the adder!!
You kill the adder!
No target in view!
Could not explore, unopened door.
Could not explore, unopened door.
You open the door.
You see here a +0 hand axe.
s - a scroll of fear There's nothing to open nearby.
Could not explore, unopened door.
As you open the door, it creaks loudly!
You hear an angry hiss.
An iguana comes into view.
There is an open door here.
An iguana is nearby!
You closely miss the iguana. The iguana closely misses you.
You claw the iguana! You claw the iguana!
You kill the iguana!
No target in view!
You see here an iguana corpse.
m - 14 poisoned darts (gained 4)
You see here an iguana corpse.
A scorpion comes into view.
Found a ring of see invisible.
A scorpion is nearby!
You barely miss the scorpion. The scorpion stings you.
You scratch the scorpion but do no damage.
The scorpion stings you but does no damage.
You scratch the scorpion but do no damage.
The scorpion closely misses you.
You closely miss the scorpion.
The scorpion stings you but does no damage.
You barely miss the scorpion. The scorpion barely misses you.
You mangle the scorpion!!
You kill the scorpion!
Your Dodging skill increases to level 4!
No target in view!
No target in view!
Setting a skill training target for Throwing at 6.0.
Could not explore, unopened door.
You open the door.
There is an open door here.
There is an open door here.
Could not explore, unopened door.
You open the door.
There is an open door here.
Could not explore, unopened door.
You open the door.
Found a stone staircase leading down.
There is an open door here.
Found 17 arrows.
There is a stone staircase leading down here.
You open the door.
There is an open door here.
Could not explore, unopened door.
Which direction?
There isn't anything that you can open there!
You open the door.
There is an open door here.
Could not explore, unopened door.
As you open the door, it creaks loudly!
A centaur zombie comes into view. "Get over here!"
The centaur zombie blinks!
The centaur zombie barely misses you.
The centaur zombie kicks you but does no damage.
Found a stone staircase leading down.
Unknown command.
You claw the centaur zombie!
The centaur zombie hits you but does no damage.
The centaur zombie kicks you but does no damage.
You claw the centaur zombie!
The centaur zombie hits you but does no damage.
The centaur zombie kicks you but does no damage.
You scratch the centaur zombie.
The centaur zombie hits you but does no damage.
The centaur zombie kicks you.
You scratch the centaur zombie.
The centaur zombie hits you but does no damage.
The centaur zombie barely misses you. The centaur zombie closely misses you.
The centaur zombie kicks you but does no damage.
You mangle the centaur zombie!!
You destroy the centaur zombie!
No target in view!
There is an open door here.
Xom snickers.
You do an impromptu tapdance.
Found a quarterstaff.
You open the door.
There is an open door here.
A white imp comes into view.
The white imp shouts, "Remove thy stench, thou puking weather-bitten mendicant!"
You hear an angry hiss.
A white imp is nearby!
An iguana comes into view.
The white imp gestures at you.
The puff of frost hits you but does no damage.
An orc comes into view. It is wielding a +0 dagger.
The orc shouts!
The iguana hisses angrily.
You hear a shout!
The white imp gestures at you. The puff of frost hits you.
The white imp gestures at you. The puff of frost hits you!
An ogre comes into view. It is wielding a +0 giant club.
You closely miss the white imp. The white imp gestures at you.
The puff of frost hits you!
You are too injured to fight recklessly!
You are too injured to fight recklessly!
You are too injured to fight recklessly!
A howler monkey skeleton comes into view.
The orc misses you.
Xom titters.
The orc looks rather confused.
The white imp looks rather confused.
The iguana looks rather confused.
The orc hits something with a +0 dagger.
The orc closely misses itself.
You catch the helpless iguana completely off-guard!
You claw the iguana! The iguana barely misses you.
The white imp barely misses you.
The white imp hits itself but does no damage.
You barely miss the iguana.
The iguana bites itself.
You claw the iguana!
You kill the iguana!
Xom grants you insight.
You detect creatures!
Your Unarmed Combat skill increases to level 7!
You claw the ogre!
The ogre hits you with a +0 giant club!!
You are too injured to fight recklessly!
You are too injured to fight recklessly!
You barely miss the ogre. You scratch the ogre but do no damage.
Xom makes a sudden noise!
You hear the tinkle of an enormous bell.
You hear an angry hiss.
The white imp hits the orc.
The white imp freezes the orc.
The ogre hits you with a +0 giant club!!
* * * LOW HITPOINT WARNING * * *
You feel yourself speed up.
The white imp seems less confused.
The howler monkey skeleton hits you.
* * * LOW HITPOINT WARNING * * *
The orc hits the howler monkey skeleton with a +0 dagger.
The ogre hits you with a +0 giant club!
You die...
Xom snickers!

.......#..... #####..## .
......+..... #......#. ..
.....#.... #......'.
..#...+#... #..##..##
n..#....########..###### ∆
#.....#.....#......†.. ∆
∆#..5..#.....+.........
#..oZO####'###########
#...#.##@..............#.
∆#.+...Z#...............#.
∆# #....#...............#.
Z ∆
#....#...............#.
..#..#...............+.
+##...##.....#+##.)...## ∆
l ∆ .#..#.....+..#####...
#.....#......#... Z
#.....#......'...


You could see an ogre, a white imp, an orc (confused) and a howler monkey
skeleton.

Vanquished Creatures
  A black bear (D:4)
  A centaur (D:5)
  A phantom (D:5)
  Blork the orc (D:4)
  4 scorpions
  A water moccasin skeleton (D:4)
  A centaur zombie (D:5)
  A hound (D:4)
  2 iguanas (D:5)
  A hound zombie (D:5)
  Robin (D:4)
  3 gnolls (D:5)
  4 adders
  An adder skeleton (D:4)
  A worm (D:2)
  4 dart slugs
  4 orcs (D:3)
  7 ball pythons
  3 endoplasms
  4 giant cockroaches
  19 goblins
  12 hobgoblins
  9 jackals
  4 quokkas
  10 bats
  9 kobolds
  2 rats (D:1)
111 creatures vanquished.

Vanquished Creatures (others)
  3 plants (D:4)
3 creatures vanquished.

Grand Total: 114 creatures vanquished

Notes
Turn   | Place    | Note
-------+----------+-------------------------------------------
     0 | D:1      | CryoSword the Troll Chaos Knight began the quest for the
                  | Orb.
     0 | D:1      | Reached XP level 1. HP: 22/22 MP: 0/0
   126 | D:1      | XOM: silly message
   148 | D:1      | Reached XP level 2. HP: 29/29 MP: 1/1
   204 | D:1      | XOM: silly message
   210 | D:1      | XOM: potion effect (haste)
   425 | D:1      | Reached XP level 3. HP: 36/36 MP: 2/2
   488 | D:1      | XOM: silly message
   862 | D:2      | XOM: stat loss: -1 Str (19/20)
   868 | D:2      | You fall into a shaft and drop 1 floor!
   873 | D:3      | Found a faded altar of an unknown god.
   972 | D:2      | Reached skill level 4 in Unarmed Combat
  1022 | D:2      | Reached XP level 4. HP: 44/44 MP: 3/3
  1266 | D:2      | XOM is BORED!
  1266 | D:2      | XOM: summons 1 hostile demon
  1379 | D:3      | Found a shadowy altar of Dithmenos.
  1430 | D:3      | Noticed a scorpion
  1436 | D:3      | Killed a scorpion
  1437 | D:3      | Reached XP level 5. HP: 40/53 MP: 4/4
  1437 | D:3      | Identified a scroll of acquirement
  1438 | D:3      | Acquired the +1 hat of a treasure trove {rElec Dex+6}
  1718 | D:4      | XOM: noise
  1718 | D:4      | Noticed Robin
  1721 | D:4      | XOM: confuse monster(s)
  1742 | D:4      | Killed Robin
  1793 | D:4      | XOM: 1-stop teleportation journey
  1800 | D:4      | Found a sparkling altar of Nemelex Xobeh.
  1802 | D:4      | Found a burning altar of Makhleb.
  1811 | D:4      | Reached skill level 5 in Unarmed Combat
  1897 | D:4      | Identified the +1 leather armour "Kuhiurei" {rPois}
  1905 | D:4      | Found a hazy altar of Hepliaklqana.
  2071 | D:4      | Noticed Blork the orc
  2076 | D:4      | XOM: confuse monster(s)
  2079 | D:4      | Killed Blork the orc
  2080 | D:4      | Reached XP level 6. HP: 60/61 MP: 5/5
  2589 | D:4      | XOM: god gift: 16 gold pieces
  2679 | D:5      | Entered Level 5 of the Dungeon
  2686 | D:5      | XOM: divination: detect items
  2691 | D:5      | Reached skill level 6 in Unarmed Combat
  2691 | D:5      | Reached XP level 7. HP: 60/68 MP: 6/6
  2703 | D:5      | Found a staircase to the Ecumenical Temple.
  2792 | D:5      | XOM: fog
  2862 | D:5      | XOM: cloud trail
  3112 | D:5      | XOM: blink monster(s)
  3122 | D:5      | XOM: silly message
  3167 | D:5      | XOM: confuse monster(s)
  3170 | D:5      | XOM: divination: detect creatures
  3171 | D:5      | Reached skill level 7 in Unarmed Combat
  3173 | D:5      | XOM: noise
  3174 | D:5      | Slain by an ogre

Illustrated notes

Levels and vault maps discovered:
D:1:      noname_arrival_rooms_in_the_neighbourhood, layout_basic, minivault_25,
          minmay_misc_feat_enclosed, grunt_decor_one_mirror, minmay_pentomino_o4
D:2:      cheibrodos_greedy_goblins, layout_loops_cross
D:3:      layout_rooms, overflow_temple_1_default,
          dreamdust_ecumenical_altar_statues
D:4:      layout_layer_cave, nicolae_hepliaklqana_hazy_memory,
          jmf_multi_god_temple, uniq_robin, uniq_blork_the_orc
D:5:      layout_gridville, minmay_temple_entry_stoned_glass,
          minmay_fractal_squares_diagonal_5

Skill      XL: |  1  2  3  4  5  6  7 |
---------------+----------------------+-----
Dodging        | 2 3 4 |  4.1
Unarmed Combat | 4 5 6 7 |  7.0
Fighting       | 3 4 |  4.4
Throwing       | |  0.3

Action                   |  1- 3 |  4- 6 |  7- 9 || total
-------------------------+-------+-------+-------++-------
Melee: Unarmed           |   123 |   136 |    58 ||   317
       Punch             |     2 |     4 |     1 ||     7
  Use: Potion            |     4 |       |     1 ||     5
       Scroll            |     2 |     3 |       ||     5
 Stab: Sleeping          |     1 |     1 |       ||     2
       Confused          |       |     1 |     1 ||     2
Armor: Robe              |    48 |    56 |    24 ||   128
Dodge: Dodged            |    43 |    83 |    28 ||   154
